AoeStats
← toyotaenjoyer

Arabia

509993850Analyzed
2v2 RM · 4d ago on Sep 29, 2026· 32m 50s· 4 players
Game mode
Random Map
Map size
Medium (4 player)
Population
200
Speed
Normal
Resources
Standard
Victory
Conquest
Starting age
Dark Age
Ending age
Imperial Age
RankedLock teamsTeams togetherTeam positionsShared explorationLock speedFull tech treeHidden civsTurbo modeCheats
Victory
Defeat
🇨🇴 Persians · Colombia
845
+17
🇨🇱 Burgundians · Chile
782
+19
🇫🇮 Teutons · Finland
857
-49
🇫🇮 Teutons · Finland
857
-49
jgmolina20
9:19 Feudal Age
7:35 Loom
14:06 Bloodlines
14:36 Horse Collar
22:00 Castle Age
20:48 Forging
23:39 Light Cavalry
24:20 Husbandry
27:01 Wheelbarrow
27:51 Iron Casting
27:41 Heavy Plow
29:34 Fletching
30:22 Bodkin Arrow
31:02 Town Watch
31:36 Crossbowman
32:26 Double-Bit Axe
franco.93
0:35 Loom
12:32 Feudal Age
11:14 Horse Collar
11:35 Double-Bit Axe
14:16 Heavy Plow
21:02 Scale Mail Armor
21:44 Bow Saw
24:50 Castle Age
26:45 Stone Mining
29:36 Imperial Age
28:40 Stone Shaft Mining
27:59 Gold Mining
29:11 Crop Rotation
30:30 Two-Man Saw
29:51 Chain Mail Armor
29:46 Forging
30:25 Gold Shaft Mining
32:51 Conscription
33:08 Hoardings
32:57 Scale Barding Armor
toyotaenjoyer
1:39 Loom
15:10 Feudal Age
Phallero
2:01 Loom
12:21 Feudal Age
13:44 Wheelbarrow
23:33 Castle Age
Connection lost

Rejoining the realm…

Still unreachable

The connection could not be restored.

Session expired

The server has moved on; the page needs a fresh start.